 Dungeon Crawl Stone Soup version 0.21-a0-91-ga5031da (webtiles) character file.

870 Banto the Sneak (level 7, -13/45 HPs)
             Began as a Demonspawn Skald on June 30, 2017.
             Was an Initiate of Hepliaklqana.
             Mangled by an ogre
             ... wielding a +0 giant spiked club
              (19 damage)
             ... in the Ecumenical Temple.
             The game lasted 00:08:02 (5601 turns).

Banto the Sneak (Demonspawn Skald)                  Turns: 5601, Time: 00:08:03

Health: -13/45     AC: 13    Str: 11    XL:     7   Next: 73%
Magic:  10/10      EV: 11    Int: 17    God:    Hepliaklqana [......]
Gold:   309        SH:  0    Dex: 12    Spells: 4/10 levels left

rFire    . . .     SeeInvis .   l - +2 dagger (elec)
rCold    + . .     Gourm    .   (no shield)
rNeg     . . .     Faith    .   b - +1 leather armour
rPois    .         Spirit   .   p - +2 hat
rElec    .         Reflect  .   (no cloak)
rCorr    .         Harm     .   o - +0 pair of gloves
MR       .....                  (no boots)
Stlth    ++++......             (no amulet)
HPRegen  0.15/turn              c - ring of protection from cold (curse)
MPRegen  0.12/turn              (no ring)

@: sanguine armour
A: reduced essence, hooves 1, nightstalker 2, sanguine armour 1
a: Recall Ancestor, Ancestor Identity, Renounce Religion


You were in the Ecumenical Temple.
You worshipped Hepliaklqana.
Hepliaklqana was noncommittal.
You were not hungry.

You visited 2 branches of the dungeon, and saw 7 of its levels.

You collected 309 gold pieces.

Inventory:

Hand Weapons
 l - a +2 dagger of electrocution (weapon)
Missiles
 j - a throwing net (quivered)
Armour
 b - a +1 leather armour (worn)
 o - a +0 pair of gloves (worn)
 p - a +2 hat (worn)
Jewellery
 c - a cursed ring of protection from cold (left hand)
Scrolls
 r - a scroll of remove curse
 t - a scroll of recharging
 u - a scroll of blinking
Potions
 e - 3 potions of curing {unknown}
 h - a potion of mutation {unknown}
 i - 2 potions of berserk rage
 k - 3 potions of invisibility
 m - a potion of might
 n - a potion of haste {unknown}
 q - 2 potions of magic {unknown}
 v - 2 potions of agility {unknown}
 w - a potion of heal wounds
 x - 2 potions of flight {unknown}
Comestibles
 a - 3 fruits
 d - 5 bread rations
 f - 2 royal jellies
 g - 2 meat rations


   Skills:
 - Level 2.0 Fighting
 + Level 4.6 Short Blades
   Level 3.4 Polearms
 - Level 0.8 Armour
 - Level 1.7 Dodging
 + Level 5.0 Stealth
 - Level 2.0 Spellcasting
 - Level 4.0 Charms


You had 4 spell levels left.
You knew the following spells:

 Your Spells              Type           Power        Failure   Level  Hunger
a - Infusion              Chrm           ###.         4%          1    #......
b - Song of Slaying       Chrm           ###.....     8%          2    ###....
c - Regeneration          Chrm/Necr      #.........   32%         3    ###....


Dungeon Overview and Level Annotations

Branches:
Dungeon (6/15)             Temple (1/1) D:5

Altars:
Ashenzari
Cheibriados
Dithmenos
Elyvilon
Fedhas
Hepliaklqana
Makhleb
Nemelex Xobeh
Okawaru
Qazlal
Ru
Sif Muna
Trog
Uskayaw
Vehumet
Wu Jian
Xom
Yredelemnul
Zin
The Shining One

Shops:
D:5 =


Innate Abilities, Weirdness & Mutations

You have large cloven feet.
You are significantly more attuned to the shadows.
When seriously injured, your bleeding wounds create armour. (AC +6)
Your life essence is reduced to manifest your ancestor. (-10% HP)


Message History

Your leather armour prevents you from hitting the ogre.
You kick the ogre, but do no damage.
You are too injured to fight recklessly!
There is a staircase to the Ecumenical Temple here.
The ogre closely misses you.
You climb downwards.
Welcome back to the Ecumenical Temple!
There is a staircase back to the Dungeon here.
You swap places.
You barely miss the ogre.
The ogre hits you with a giant spiked club!
* * * LOW HITPOINT WARNING * * *
Huemac hits the ogre.
You take 16 damage, and have 5/45 hp.
MASSIVE DAMAGE!!
You hit the ogre. You kick the ogre.
The ogre is lightly wounded.
You closely miss the ogre. You kick the ogre.
The ogre is moderately wounded.
Huemac hits the ogre.
The ogre hits you with a giant spiked club!!
You die...

....._...## ##..._... ..........#
#........ ._..⌠.._..# #.._..⌠..
..........# ####### #........
..._.....## ###.....### ##....._.
##.....### ##.........## ###.....
######## #...........# ###### ##
#.....R.....# .### #....@O.....#
## ...#### ##.........## ####.
#.....#########.....#########....
####........#####'#####........##
######........#........######
######.......###### #########


You could see the friendly Huemac the ancestor and an ogre.

Vanquished Creatures
  Grinder (D:5)
  2 scorpions (D:4)
  2 crimson imps (D:5)
  2 bullfrog zombies (D:5)
  A hound (D:4)
  3 orc wizards (D:4)
  A centaur skeleton (D:4)
  3 worker ants (D:4)
  A hound skeleton (D:5)
  3 gnolls (D:2)
  7 adders
  An ooze (D:2)
  An adder skeleton (D:4)
  3 worms
  A dart slug (D:3)
  3 leopard geckos
  7 orcs
  2 ball pythons (D:1)
  2 bats (D:2)
  11 giant cockroaches
  11 goblins
  9 hobgoblins
  5 jackals
  11 kobolds
  3 quokkas
  16 frilled lizards
  7 rats
119 creatures vanquished.

Notes
Turn   | Place    | Note
-------+----------+-------------------------------------------
     0 | D:1      | Banto the Demonspawn Skald began the quest for the Orb.
     0 | D:1      | Reached XP level 1. HP: 16/16 MP: 3/3
   269 | D:1      | Gained mutation: When seriously injured, your bleeding wounds create armour. (AC +6) [demonic ancestry]
   269 | D:1      | Reached XP level 2. HP: 21/22 MP: 5/5
  1136 | D:1      | Gained mutation: You are slightly more attuned to the shadows. [demonic ancestry]
  1136 | D:1      | Reached XP level 3. HP: 20/27 MP: 3/6
  1588 | D:2      | Found a shimmering altar of Xom.
  2010 | D:2      | Reached XP level 4. HP: 19/33 MP: 3/7
  2651 | D:3      | Reached XP level 5. HP: 19/38 MP: 0/8
  2898 | D:3      | Reached skill level 1 in Short Blades
  3160 | D:3      | Reached skill level 1 in Stealth
  3380 | D:4      | Reached skill level 2 in Stealth
  3628 | D:4      | Found a sparkling altar of Nemelex Xobeh.
  3718 | D:4      | Gained mutation: You have large cloven feet. [demonic ancestry]
  3718 | D:4      | Reached XP level 6. HP: 26/44 MP: 9/9
  4092 | D:4      | Reached skill level 3 in Stealth
  4288 | D:4      | Learned a level 2 spell: Song of Slaying
  4292 | D:4      | Learned a level 3 spell: Regeneration
  4455 | D:5      | Entered Level 5 of the Dungeon
  4470 | D:4      | Gained mutation: You are significantly more attuned to the shadows. [demonic ancestry]
  4470 | D:4      | Reached XP level 7. HP: 31/50 MP: 3/10
  4626 | D:5      | Noticed Grinder
  4632 | D:5      | Found Icoasheu's Jewellery Emporium.
  4649 | D:5      | Paralysed by Grinder for 4 turns
  4655 | D:5      | Killed Grinder
  4655 | D:5      | Reached skill level 4 in Stealth
  4859 | D:5      | Found a staircase to the Ecumenical Temple.
  5112 | D:5      | Reached skill level 5 in Stealth
  5235 | Temple   | Entered the Ecumenical Temple
  5479 | Temple   | Became a worshipper of Hepliaklqana the Forgotten
  5601 | Temple   | Mangled by an ogre

Vault maps used:
D:1:      dpeg_arrival_pits
D:2:      lemuel_crystal_altar, minmay_misc_feat_plants, grunt_ministairs_8,
          kennysheep_nondescript, minmay_lizard_king
D:3:      first_bread
D:4:      nemelex_altar_shiori
D:5:      minmay_temple_entry_statues_fountains, serial_shops,
          nicolae_shop_stone, uniq_grinder
D:6:      small_statue_intersection
Temple:   dpeg_five_rooms_temple

Skill      XL: |  1  2  3  4  5  6  7 |
---------------+----------------------+-----
Polearms       | 2 3 |  3.4
Charms         | 3 4 |  4.0
Short Blades   | 2 3 4 |  4.6
Stealth        | 2 3 5 |  5.0
Fighting       | |  2.0
Armour         | |  0.8
Dodging        | |  1.7
Spellcasting   | |  2.0

Action                   |  1- 3 |  4- 6 |  7- 9 || total
-------------------------+-------+-------+-------++-------
Melee: Spear             |   175 |    33 |       ||   208
       Dagger            |       |   205 |    58 ||   263
       Kick              |       |     9 |    11 ||    20
 Cast: Infusion          |     6 |    12 |     1 ||    19
       Song of Slaying   |       |     1 |       ||     1
  Use: Scroll            |     5 |     8 |       ||    13
       Potion            |       |     2 |       ||     2
 Stab: Sleeping          |     3 |     2 |     2 ||     7
  Eat: Chunk             |     4 |     7 |     2 ||    13
       Fruit             |       |       |     5 ||     5
Armor: Leather armour    |    30 |    38 |    23 ||    91
       Skin              |       |    27 |       ||    27
Dodge: Dodged            |    71 |   104 |    25 ||   200

Table legend:
 A = Turns spent in this place as a percentage of turns spent in the entire game.
 B = Non-inter-level travel turns spent in this place as a percentage of non-inter-level travel turns spent in the entire game.
 C = Inter-level travel turns spent in this place as a percentage of turns spent in this place.
 D = Turns resting spent in this place as a percentage of non-inter-level travel turns spent in this place.
 E = Turns spent auto-exploring this place as a percentage of non-inter-level travel turns spent in this place.
 F = Non-inter-level travel turns spent in this place divided by the number of levels of this place that you've seen.
                   A       B       C       D       E      F
               +-------+-------+-------+-------+-------+----------------------
         Total | 100.0 | 100.0 |   0.8 |   5.1 |  12.8 | 222.6
       Dungeon |  97.6 |  97.7 |   0.7 |   5.3 |  11.8 | 253.7
        Temple |   2.4 |   2.3 |   5.3 |   0.0 |  55.6 |  36.0
               +-------+-------+-------+-------+-------+----------------------

Table legend:
 A = Kills in this place as a percentage of kills in entire the game.
 B = Kills by you in this place as a percentage of kills by you in the entire game.
 C = Kills by friends in this place as a percentage of kills by friends in the entire game.
 D = Other kills in this place as a percentage of other kills in the entire game.
 E = Experience gained in this place as a percentage of experience gained in the entire game.
 F = Experience gained in this place divided by the number of levels of this place that you have seen.
                   A       B       C       D       E      F
               +-------+-------+-------+-------+-------+----------------------
         Total | 100.0 | 100.0 |  -nan |  -nan | 100.0 | 177.7
       Dungeon | 100.0 | 100.0 |  -nan |  -nan | 100.0 | 207.3
               +-------+-------+-------+-------+-------+----------------------
